Workbook

Sheet December 2017
A1: Check Number | D1: Check Date | E1: Vendor Name | G1: Transaction Amount | T1: Description | U1: Account Name | V1: Department | W1: Division | X1: Project Number
A2: 467588 | D2: 43074 | E2: BOB TOMES FORD | G2: 267.86 | T2: BLANKET PURCHASE ORDER | U2: AUTO MAINTENANCE | V2: EQUIPMENT SERVICES | W2: EQUIP SERV-SHARED
G8: -30.6 | T8: INV# 53449 | U8: AUTO MAINTENANCE | V8: EQUIPMENT SERVICES | W8: EQUIP SERV-SHARED
A9: 467967 | D9: 43081 | G9: 18.82 | T9: BLANKET PURCHASE ORDER | U9: AUTO MAINTENANCE | V9: EQUIPMENT SERVICES | W9: EQUIP SERV-SHARED
O11: =SUM(hList_Frame_1!B1:B8) -> 256.08
A13: 467968 | D13: 43081 | E13: BOB BARKER COMPANY INC | G13: 284.4 | T13: FURNITURE, NON-OFFICE | U13: BUILDING MAINTENANCE | V13: FACILITIES & PARKS | W13: BUILD SUP-SHARED | X13: B03001
O15: =SUM(hList_Frame_1!B9:B9) -> 284.4
A17: 467969 | D17: 43081 | E17: MATTHEW BENDER & CO INC | G17: 738.46 | T17: BLANKET PURCHASE ORDER | U17: LIBRARY UPDATES | V17: BUDGET | W17: LAW LIBRARY-ADMIN
O19: =SUM(hList_Frame_1!B10:B10) -> 738.46
A21: 467469 | D21: 43074 | E21: HEIDENHEIMER, MARK | G21: 450 | T21: 001-85249-17 | U21: COURT APPOINTED ATTORNEY | V21: COURT APPT REPRESENTATION | W21: COURT APPT REPRESENTATION | X21: IDCL1M
G22: 600 | T22: 004-84703-16 | U22: COURT APPOINTED ATTORNEY | V22: COURT APPT REPRESENTATION | W22: COURT APPT REPRESENTATION | X22: IDCL7M
A23: 467470 | D23: 43074 | G23: 3500 | T23: 219-82024-16 | U23: COURT APPOINTED ATTORNEY | V23: COURT APPT REPRESENTATION | W23: COURT APPT REPRESENTATION | X23: ID219P
G24: 3500 | T24: 219-82025-16 | U24: COURT APPOINTED ATTORNEY | V24: COURT APPT REPRESENTATION | W24: COURT APPT REPRESENTATION | X24: ID219P
A25: 467823 | D25: 43081 | G25: 500 | T25: 380-83380-17 | U25: COURT APPOINTED ATTORNEY | V25: COURT APPT REPRESENTATION | W25: COURT APPT REPRESENTATION | X25: ID380F
A26: 468329 | D26: 43088 | G26: 450 | T26: 007-87749-17 | U26: COURT APPOINTED ATTORNEY | V26: COURT APPT REPRESENTATION | W26: COURT APPT REPRESENTATION | X26: IDCL7M
A27: 468330 | D27: 43088 | G27: 900 | T27: 219-83129-16 | U27: COURT APPOINTED ATTORNEY | V27: COURT APPT REPRESENTATION | W27: COURT APPT REPRESENTATION | X27: ID219F
M29: =SUM(hList_Frame_1!B11:B17) -> 9900
A31: 467589 | D31: 43074 | E31: POLLOCK PAPER DISTRIBUTORS | G31: 82.56 | T31: JANITORIAL SUPPLIES | U31: JANITORIAL SUPPLIES | V31: JUVENILE PROBATION | W31: JUV DET -ADMIN
G32: -66.91 | T32: PO 217422 | U32: JANITORIAL SUPPLIES | V32: JUVENILE PROBATION | W32: JUV DET -ADMIN
Q34: =SUM(hList_Frame_1!B18:B19) -> 15.65
A36: 467590 | D36: 43074 | E36: TEXOMA FIRE EQUIPMENT INC | G36: 202 | T36: PW/CONSTRUCT/RELATED SERV | U36: FIRE SYSTEM CERTIFICATION | V36: FACILITIES & PARKS | W36: BUILD SUP-SHARED | X36: B03002
O38: =SUM(hList_Frame_1!B20:B20) -> 202
A40: 467970 | D40: 43081 | E40: AAI TROPHIES & AWARDS | G40: 11.5 | T40: BLANKET PURCHASE ORDER | U40: SERVICE AWARDS | V40: SHERIFF'S OFFICE | W40: SO-ADMIN
R42: =SUM(hList_Frame_1!B21:B21) -> 11.5
A45: 467971 | D45: 43081 | E45: WEST PUBLISHING CORPORATION | G45: 4038.49 | T45: BLANKET PURCHASE ORDER | U45: LIBRARY BOOKS | V45: DISTRICT ATTORNEY | W45: DA-ADMIN
M48: =SUM(hList_Frame_1!B22:B23) -> 4038.49
A50: 467591 | D50: 43074 | E50: PLANO POWER EQUIPMENT | G50: 35.52 | T50: AUTO/TRUCK MAINT. ITEMS | U50: PARTS
G51: 462.93 | T51: BLANKET PURCHASE ORDER | U51: HEAVY EQUIPMENT REPAIR | V51: EQUIPMENT SERVICES | W51: EQUIP SERV-SHARED
A54: 467972 | D54: 43081 | G54: 8.92 | T54: BLANKET PURCHASE ORDER | U54: HEAVY EQUIPMENT REPAIR | V54: EQUIPMENT SERVICES | W54: EQUIP SERV-SHARED
O56: =SUM(hList_Frame_1!B24:B28) -> 507.37
A58: 467592 | D58: 43074 | E58: BEN E KEITH DFW | G58: 5139.97 | T58: EDIBLE FOODS, STAPLE | U58: FOOD SUPPLIES | V58: JUVENILE PROBATION | W58: JUV DET -ADMIN
U59: JAIL FOOD
U61: MINIMUM SECURITY FOOD
G63: 4202.62 | T63: FOODS, PERISHABLE | U63: JAIL FOOD
U65: MINIMUM SECURITY FOOD
G67: 1180.79 | T67: FOODS, READY-TO-EAT | U67: JAIL FOOD
U68: MINIMUM SECURITY FOOD
A69: 467973 | D69: 43081 | G69: 1488.64 | T69: EDIBLE FOODS, STAPLE | U69: FOOD SUPPLIES | V69: SHERIFF'S OFFICE | W69: MINIMUM SECURITY
U71: JAIL FOOD
G72: 1268.62 | T72: FOODS, PERISHABLE | U72: FOOD SUPPLIES | V72: JUVENILE PROBATION | W72: JUV DET -ADMIN
U73: JAIL FOOD
J75: =SUM(hList_Frame_1!B29:B44) -> 13280.64
A77: 467807 | D77: 43081 | E77: ROACH, JOHN R JR | G77: 124.12 | U77: TRAVEL REIMBURSEMENT | V77: DISTRICT COURTS | W77: GRANT - TVC VET'S COURT | X77: GT192D
O79: =SUM(hList_Frame_1!B45:B45) -> 124.12
A81: 467593 | D81: 43074 | E81: TX LAWYER | G81: 310 | T81: REQ 242490 | U81: LIBRARY BOOKS | V81: DISTRICT COURTS | W81: 401ST DC-ADMIN
O83: =SUM(hList_Frame_1!B46:B46) -> 310
A85: 467594 | D85: 43074 | E85: ALFORD INSURANCE AGENCY | G85: 16.12 | T85: BLANKET PURCHASE ORDER | U85: SPECIAL DELIVERY SERVICE | V85: BUDGET | W85: SUPPORT SERVICES - SHARED
G86: 355 | T86: FINANCIAL/ACCOUNTANCY SER | U86: NOTARY BONDS | V86: UNALLOCATED | W86: NON-DEPARTMENTAL
O92: =SUM(hList_Frame_1!B47:B52) -> 371.12
A94: 467808 | D94: 43081 | E94: POSTMASTER MCKINNEY | G94: 224 | T94: District Clerk | U94: POSTAGE | V94: BUDGET | W94: SUPPORT SERVICES - SHARED
A95: 467809 | D95: 43081 | G95: 224 | T95: CSCD | U95: POSTAGE | V95: BUDGET | W95: SUPPORT SERVICES - SHARED
A96: 467810 | D96: 43081 | G96: 1300 | T96: Tax Office | U96: POSTAGE | V96: BUDGET | W96: SUPPORT SERVICES - SHARED
A97: 468273 | D97: 43088 | G97: 685 | T97: BRM Annual Maintenance | U97: POSTAGE | V97: BUDGET | W97: SUPPORT SERVICES - SHARED
G98: 225 | T98: BRM Permit Elections | U98: POSTAGE | V98: BUDGET | W98: SUPPORT SERVICES - SHARED
M100: =SUM(hList_Frame_1!B53:B57) -> 2658
A102: 467824 | D102: 43081 | E102: TINSLEY, KIMBERLY | G102: 596.35 | T102: 401-82045-15 | U102: REPORTERS RECORDS | V102: COURT APPT REPRESENTATION | W102: COURT APPT REPRESENTATION | X102: ID401P
O104: =SUM(hList_Frame_1!B58:B58) -> 596.35
A106: 467974 | D106: 43081 | E106: MAY, JEFFRY | G106: 154.63 | T106: j may-san antonio, tx | U106: EDUCATION & CONFERENCE | V106: COUNTY AUDITOR | W106: AUDITOR - ADMIN
O108: =SUM(hList_Frame_1!B59:B59) -> 154.63
A110: 467975 | D110: 43081 | E110: CACTUS ENVIRONMENTAL SERVICES | G110: 3767.5 | T110: AIRCRAFT OPERATIONS | U110: AUTOPSY SERVICES | V110: MEDICAL EXAMINER | W110: ME-ADMIN
M112: =SUM(hList_Frame_1!B60:B60) -> 3767.5
A114: 467976 | D114: 43081 | E114: DALLAS COUNTY TREASURER,FUND471 | G114: 77408.91
J116: =SUM(hList_Frame_1!B61:B61) -> 77408.91
A118: 467977 | D118: 43081 | E118: COLLIN COUNTY COMMUNITY COLLEG | G118: 47440 | T118: RADIO & TELECOMMUNICATION | U118: SOFTWARE MAINTENANCE | V118: UNALLOCATED | W118: NON-DEPARTMENTAL
J120: =SUM(hList_Frame_1!B62:B62) -> 47440
A122: 467595 | D122: 43074 | E122: LEXMARK INTERNATIONAL INC | G122: 999.2 | T122: PO#217855 | U122: ONE-TIME BUDGET NON-CAP | V122: INFORMATION TECHNOLOGY | W122: IT - SHARED
O124: =SUM(hList_Frame_1!B63:B63) -> 999.2
A126: 467597 | D126: 43074 | E126: OFFICE DEPOT | G126: 235.58 | T126: IR:PRINTER/PLOTTER/ACCESS | U126: COMPUTER SUPPLIES | V126: BUDGET | W126: SUPPORT SERVICES - SHARED
G127: 2277.54 | T127: OFFICE SUPPLIES (GENERAL) | U127: COPIER SUPPLIES | V127: BUDGET | W127: SUPPORT SERVICES - SHARED
U128: OFFICE SUPPLIES | V128: ADMINISTRATIVE SERVICES | W128: ADMINISTRATIVE SERV-ADMIN
V129: ANIMAL SHELTER | W129: ANIMAL SHELTER-ADMIN
V130: COUNTY AUDITOR | W130: AUDITOR - ADMIN
V131: COUNTY COURTS | W131: CCL1 - DRUG COURT PROGRAM
W132: CCL3-ADMIN
V134: DISTRICT COURTS | W134: 469TH DC-ADMIN
V135: INFORMATION TECHNOLOGY | W135: IT-ADMIN
V137: JUSTICES OF THE PEACE | W137: JP3-2 ADMIN
V139: JUVENILE PROBATION | W139: JUV PROB-ADMIN
V141: SHERIFF'S OFFICE | W141: JAIL OPS-ADMIN
W143: SO-ADMIN
V146: TAX ASSESSOR/COLLECTOR | W146: TAX A/C - ADMIN
V147: VETERAN SERVICES | W147: VETERAN - ADMIN
A148: 467598 | D148: 43074 | G148: 761.02 | T148: OFFICE SUPPLIES (GENERAL) | U148: OFFICE SUPPLIES | V148: HEALTHCARE SERVICES | W148: GRANT-TUBERCULOSIS PROGRM | X148: GT065K
X149: GT065K
X150: GT065K
X151: GT065K
X152: GT065K
X153: GT065K
X154: GT065K
A155: 467980 | D155: 43081 | G155: 4635.96 | T155: OFFICE SUPPLIES (GENERAL) | U155: COPIER SUPPLIES | V155: BUDGET | W155: SUPPORT SERVICES - SHARED
U156: OFFICE SUPPLIES | V156: ADMINISTRATIVE SERVICES | W156: ADMINISTRATIVE SERV-ADMIN
V158: CONSTABLES | W158: C4-ADMIN
V159: COUNTY AUDITOR | W159: AUDITOR - ADMIN
V160: COUNTY CLERK | W160: CCLC-ADMIN
W162: COUNTY CLERK-ADMIN
V165: COUNTY COURTS | W165: CCL3-ADMIN
W167: CCL6-ADMIN
V168: DEVELOPMENT SERVICES | W168: DEV SERV-ADMIN
V169: DISTRICT COURTS | W169: 380TH DC-ADMIN
V170: ELECTIONS | W170: ELECTIONS-ADMIN
...

Sheet hList_Frame_1
A1: =IF(ISBLANK('December 2017'!A2),"",IF(ISTEXT('December 2017'!A2),0,'December 2017'!A2)) -> 467588 | B1: =IF(ISBLANK('December 2017'!G2),"",IF(ISTEXT('December 2017'!G2),0,'December 2017'!G2)) -> 267.86
A2: =IF(ISBLANK('December 2017'!A3),"",IF(ISTEXT('December 2017'!A3),0,'December 2017'!A3)) | B2: =IF(ISBLANK('December 2017'!G3),"",IF(ISTEXT('December 2017'!G3),0,'December 2017'!G3))
A3: =IF(ISBLANK('December 2017'!A4),"",IF(ISTEXT('December 2017'!A4),0,'December 2017'!A4)) | B3: =IF(ISBLANK('December 2017'!G4),"",IF(ISTEXT('December 2017'!G4),0,'December 2017'!G4))
A4: =IF(ISBLANK('December 2017'!A5),"",IF(ISTEXT('December 2017'!A5),0,'December 2017'!A5)) | B4: =IF(ISBLANK('December 2017'!G5),"",IF(ISTEXT('December 2017'!G5),0,'December 2017'!G5))
A5: =IF(ISBLANK('December 2017'!A6),"",IF(ISTEXT('December 2017'!A6),0,'December 2017'!A6)) | B5: =IF(ISBLANK('December 2017'!G6),"",IF(ISTEXT('December 2017'!G6),0,'December 2017'!G6))
A6: =IF(ISBLANK('December 2017'!A7),"",IF(ISTEXT('December 2017'!A7),0,'December 2017'!A7)) | B6: =IF(ISBLANK('December 2017'!G7),"",IF(ISTEXT('December 2017'!G7),0,'December 2017'!G7))
A7: =IF(ISBLANK('December 2017'!A8),"",IF(ISTEXT('December 2017'!A8),0,'December 2017'!A8)) | B7: =IF(ISBLANK('December 2017'!G8),"",IF(ISTEXT('December 2017'!G8),0,'December 2017'!G8)) -> -30.6
A8: =IF(ISBLANK('December 2017'!A9),"",IF(ISTEXT('December 2017'!A9),0,'December 2017'!A9)) -> 467967 | B8: =IF(ISBLANK('December 2017'!G9),"",IF(ISTEXT('December 2017'!G9),0,'December 2017'!G9)) -> 18.82
A9: =IF(ISBLANK('December 2017'!A13),"",IF(ISTEXT('December 2017'!A13),0,'December 2017'!A13)) -> 467968 | B9: =IF(ISBLANK('December 2017'!G13),"",IF(ISTEXT('December 2017'!G13),0,'December 2017'!G13)) -> 284.4
A10: =IF(ISBLANK('December 2017'!A17),"",IF(ISTEXT('December 2017'!A17),0,'December 2017'!A17)) -> 467969 | B10: =IF(ISBLANK('December 2017'!G17),"",IF(ISTEXT('December 2017'!G17),0,'December 2017'!G17)) -> 738.46
A11: =IF(ISBLANK('December 2017'!A21),"",IF(ISTEXT('December 2017'!A21),0,'December 2017'!A21)) -> 467469 | B11: =IF(ISBLANK('December 2017'!G21),"",IF(ISTEXT('December 2017'!G21),0,'December 2017'!G21)) -> 450
A12: =IF(ISBLANK('December 2017'!A22),"",IF(ISTEXT('December 2017'!A22),0,'December 2017'!A22)) | B12: =IF(ISBLANK('December 2017'!G22),"",IF(ISTEXT('December 2017'!G22),0,'December 2017'!G22)) -> 600
A13: =IF(ISBLANK('December 2017'!A23),"",IF(ISTEXT('December 2017'!A23),0,'December 2017'!A23)) -> 467470 | B13: =IF(ISBLANK('December 2017'!G23),"",IF(ISTEXT('December 2017'!G23),0,'December 2017'!G23)) -> 3500
A14: =IF(ISBLANK('December 2017'!A24),"",IF(ISTEXT('December 2017'!A24),0,'December 2017'!A24)) | B14: =IF(ISBLANK('December 2017'!G24),"",IF(ISTEXT('December 2017'!G24),0,'December 2017'!G24)) -> 3500
A15: =IF(ISBLANK('December 2017'!A25),"",IF(ISTEXT('December 2017'!A25),0,'December 2017'!A25)) -> 467823 | B15: =IF(ISBLANK('December 2017'!G25),"",IF(ISTEXT('December 2017'!G25),0,'December 2017'!G25)) -> 500
A16: =IF(ISBLANK('December 2017'!A26),"",IF(ISTEXT('December 2017'!A26),0,'December 2017'!A26)) -> 468329 | B16: =IF(ISBLANK('December 2017'!G26),"",IF(ISTEXT('December 2017'!G26),0,'December 2017'!G26)) -> 450
A17: =IF(ISBLANK('December 2017'!A27),"",IF(ISTEXT('December 2017'!A27),0,'December 2017'!A27)) -> 468330 | B17: =IF(ISBLANK('December 2017'!G27),"",IF(ISTEXT('December 2017'!G27),0,'December 2017'!G27)) -> 900
A18: =IF(ISBLANK('December 2017'!A31),"",IF(ISTEXT('December 2017'!A31),0,'December 2017'!A31)) -> 467589 | B18: =IF(ISBLANK('December 2017'!G31),"",IF(ISTEXT('December 2017'!G31),0,'December 2017'!G31)) -> 82.56
A19: =IF(ISBLANK('December 2017'!A32),"",IF(ISTEXT('December 2017'!A32),0,'December 2017'!A32)) | B19: =IF(ISBLANK('December 2017'!G32),"",IF(ISTEXT('December 2017'!G32),0,'December 2017'!G32)) -> -66.91
A20: =IF(ISBLANK('December 2017'!A36),"",IF(ISTEXT('December 2017'!A36),0,'December 2017'!A36)) -> 467590 | B20: =IF(ISBLANK('December 2017'!G36),"",IF(ISTEXT('December 2017'!G36),0,'December 2017'!G36)) -> 202
A21: =IF(ISBLANK('December 2017'!A40),"",IF(ISTEXT('December 2017'!A40),0,'December 2017'!A40)) -> 467970 | B21: =IF(ISBLANK('December 2017'!G40),"",IF(ISTEXT('December 2017'!G40),0,'December 2017'!G40)) -> 11.5
A22: =IF(ISBLANK('December 2017'!A45),"",IF(ISTEXT('December 2017'!A45),0,'December 2017'!A45)) -> 467971 | B22: =IF(ISBLANK('December 2017'!G45),"",IF(ISTEXT('December 2017'!G45),0,'December 2017'!G45)) -> 4038.49
A23: =IF(ISBLANK('December 2017'!A46),"",IF(ISTEXT('December 2017'!A46),0,'December 2017'!A46)) | B23: =IF(ISBLANK('December 2017'!G46),"",IF(ISTEXT('December 2017'!G46),0,'December 2017'!G46))
A24: =IF(ISBLANK('December 2017'!A50),"",IF(ISTEXT('December 2017'!A50),0,'December 2017'!A50)) -> 467591 | B24: =IF(ISBLANK('December 2017'!G50),"",IF(ISTEXT('December 2017'!G50),0,'December 2017'!G50)) -> 35.52
A25: =IF(ISBLANK('December 2017'!A51),"",IF(ISTEXT('December 2017'!A51),0,'December 2017'!A51)) | B25: =IF(ISBLANK('December 2017'!G51),"",IF(ISTEXT('December 2017'!G51),0,'December 2017'!G51)) -> 462.93
A26: =IF(ISBLANK('December 2017'!A52),"",IF(ISTEXT('December 2017'!A52),0,'December 2017'!A52)) | B26: =IF(ISBLANK('December 2017'!G52),"",IF(ISTEXT('December 2017'!G52),0,'December 2017'!G52))
A27: =IF(ISBLANK('December 2017'!A53),"",IF(ISTEXT('December 2017'!A53),0,'December 2017'!A53)) | B27: =IF(ISBLANK('December 2017'!G53),"",IF(ISTEXT('December 2017'!G53),0,'December 2017'!G53))
A28: =IF(ISBLANK('December 2017'!A54),"",IF(ISTEXT('December 2017'!A54),0,'December 2017'!A54)) -> 467972 | B28: =IF(ISBLANK('December 2017'!G54),"",IF(ISTEXT('December 2017'!G54),0,'December 2017'!G54)) -> 8.92
A29: =IF(ISBLANK('December 2017'!A58),"",IF(ISTEXT('December 2017'!A58),0,'December 2017'!A58)) -> 467592 | B29: =IF(ISBLANK('December 2017'!G58),"",IF(ISTEXT('December 2017'!G58),0,'December 2017'!G58)) -> 5139.97
A30: =IF(ISBLANK('December 2017'!A59),"",IF(ISTEXT('December 2017'!A59),0,'December 2017'!A59)) | B30: =IF(ISBLANK('December 2017'!G59),"",IF(ISTEXT('December 2017'!G59),0,'December 2017'!G59))
A31: =IF(ISBLANK('December 2017'!A60),"",IF(ISTEXT('December 2017'!A60),0,'December 2017'!A60)) | B31: =IF(ISBLANK('December 2017'!G60),"",IF(ISTEXT('December 2017'!G60),0,'December 2017'!G60))
A32: =IF(ISBLANK('December 2017'!A61),"",IF(ISTEXT('December 2017'!A61),0,'December 2017'!A61)) | B32: =IF(ISBLANK('December 2017'!G61),"",IF(ISTEXT('December 2017'!G61),0,'December 2017'!G61))
A33: =IF(ISBLANK('December 2017'!A62),"",IF(ISTEXT('December 2017'!A62),0,'December 2017'!A62)) | B33: =IF(ISBLANK('December 2017'!G62),"",IF(ISTEXT('December 2017'!G62),0,'December 2017'!G62))
A34: =IF(ISBLANK('December 2017'!A63),"",IF(ISTEXT('December 2017'!A63),0,'December 2017'!A63)) | B34: =IF(ISBLANK('December 2017'!G63),"",IF(ISTEXT('December 2017'!G63),0,'December 2017'!G63)) -> 4202.62
A35: =IF(ISBLANK('December 2017'!A64),"",IF(ISTEXT('December 2017'!A64),0,'December 2017'!A64)) | B35: =IF(ISBLANK('December 2017'!G64),"",IF(ISTEXT('December 2017'!G64),0,'December 2017'!G64))
A36: =IF(ISBLANK('December 2017'!A65),"",IF(ISTEXT('December 2017'!A65),0,'December 2017'!A65)) | B36: =IF(ISBLANK('December 2017'!G65),"",IF(ISTEXT('December 2017'!G65),0,'December 2017'!G65))
A37: =IF(ISBLANK('December 2017'!A66),"",IF(ISTEXT('December 2017'!A66),0,'December 2017'!A66)) | B37: =IF(ISBLANK('December 2017'!G66),"",IF(ISTEXT('December 2017'!G66),0,'December 2017'!G66))
A38: =IF(ISBLANK('December 2017'!A67),"",IF(ISTEXT('December 2017'!A67),0,'December 2017'!A67)) | B38: =IF(ISBLANK('December 2017'!G67),"",IF(ISTEXT('December 2017'!G67),0,'December 2017'!G67)) -> 1180.79
A39: =IF(ISBLANK('December 2017'!A68),"",IF(ISTEXT('December 2017'!A68),0,'December 2017'!A68)) | B39: =IF(ISBLANK('December 2017'!G68),"",IF(ISTEXT('December 2017'!G68),0,'December 2017'!G68))
A40: =IF(ISBLANK('December 2017'!A69),"",IF(ISTEXT('December 2017'!A69),0,'December 2017'!A69)) -> 467973 | B40: =IF(ISBLANK('December 2017'!G69),"",IF(ISTEXT('December 2017'!G69),0,'December 2017'!G69)) -> 1488.64
... A44: =IF(ISBLANK('December 2017'!A73),"",IF(ISTEXT('December 2017'!A73),0,'December 2017'!A73)) | B44: =IF(ISBLANK('December 2017'!G73),"",IF(ISTEXT('December 2017'!G73),0,'December 2017'!G73))
A45: =IF(ISBLANK('December 2017'!A77),"",IF(ISTEXT('December 2017'!A77),0,'December 2017'!A77)) -> 467807 | B45: =IF(ISBLANK('December 2017'!G77),"",IF(ISTEXT('December 2017'!G77),0,'December 2017'!G77)) -> 124.12
A46: =IF(ISBLANK('December 2017'!A81),"",IF(ISTEXT('December 2017'!A81),0,'December 2017'!A81)) -> 467593 | B46: =IF(ISBLANK('December 2017'!G81),"",IF(ISTEXT('December 2017'!G81),0,'December 2017'!G81)) -> 310
A47: =IF(ISBLANK('December 2017'!A85),"",IF(ISTEXT('December 2017'!A85),0,'December 2017'!A85)) -> 467594 | B47: =IF(ISBLANK('December 2017'!G85),"",IF(ISTEXT('December 2017'!G85),0,'December 2017'!G85)) -> 16.12
A48: =IF(ISBLANK('December 2017'!A86),"",IF(ISTEXT('December 2017'!A86),0,'December 2017'!A86)) | B48: =IF(ISBLANK('December 2017'!G86),"",IF(ISTEXT('December 2017'!G86),0,'December 2017'!G86)) -> 355
A49: =IF(ISBLANK('December 2017'!A87),"",IF(ISTEXT('December 2017'!A87),0,'December 2017'!A87)) | B49: =IF(ISBLANK('December 2017'!G87),"",IF(ISTEXT('December 2017'!G87),0,'December 2017'!G87))
A50: =IF(ISBLANK('December 2017'!A88),"",IF(ISTEXT('December 2017'!A88),0,'December 2017'!A88)) | B50: =IF(ISBLANK('December 2017'!G88),"",IF(ISTEXT('December 2017'!G88),0,'December 2017'!G88))
A51: =IF(ISBLANK('December 2017'!A89),"",IF(ISTEXT('December 2017'!A89),0,'December 2017'!A89)) | B51: =IF(ISBLANK('December 2017'!G89),"",IF(ISTEXT('December 2017'!G89),0,'December 2017'!G89))
A52: =IF(ISBLANK('December 2017'!A90),"",IF(ISTEXT('December 2017'!A90),0,'December 2017'!A90)) | B52: =IF(ISBLANK('December 2017'!G90),"",IF(ISTEXT('December 2017'!G90),0,'December 2017'!G90))
A53: =IF(ISBLANK('December 2017'!A94),"",IF(ISTEXT('December 2017'!A94),0,'December 2017'!A94)) -> 467808 | B53: =IF(ISBLANK('December 2017'!G94),"",IF(ISTEXT('December 2017'!G94),0,'December 2017'!G94)) -> 224
A54: =IF(ISBLANK('December 2017'!A95),"",IF(ISTEXT('December 2017'!A95),0,'December 2017'!A95)) -> 467809 | B54: =IF(ISBLANK('December 2017'!G95),"",IF(ISTEXT('December 2017'!G95),0,'December 2017'!G95)) -> 224
A55: =IF(ISBLANK('December 2017'!A96),"",IF(ISTEXT('December 2017'!A96),0,'December 2017'!A96)) -> 467810 | B55: =IF(ISBLANK('December 2017'!G96),"",IF(ISTEXT('December 2017'!G96),0,'December 2017'!G96)) -> 1300
A56: =IF(ISBLANK('December 2017'!A97),"",IF(ISTEXT('December 2017'!A97),0,'December 2017'!A97)) -> 468273 | B56: =IF(ISBLANK('December 2017'!G97),"",IF(ISTEXT('December 2017'!G97),0,'December 2017'!G97)) -> 685
A57: =IF(ISBLANK('December 2017'!A98),"",IF(ISTEXT('December 2017'!A98),0,'December 2017'!A98)) | B57: =IF(ISBLANK('December 2017'!G98),"",IF(ISTEXT('December 2017'!G98),0,'December 2017'!G98)) -> 225
A58: =IF(ISBLANK('December 2017'!A102),"",IF(ISTEXT('December 2017'!A102),0,'December 2017'!A102)) -> 467824 | B58: =IF(ISBLANK('December 2017'!G102),"",IF(ISTEXT('December 2017'!G102),0,'December 2017'!G102)) -> 596.35
A59: =IF(ISBLANK('December 2017'!A106),"",IF(ISTEXT('December 2017'!A106),0,'December 2017'!A106)) -> 467974 | B59: =IF(ISBLANK('December 2017'!G106),"",IF(ISTEXT('December 2017'!G106),0,'December 2017'!G106)) -> 154.63
A60: =IF(ISBLANK('December 2017'!A110),"",IF(ISTEXT('December 2017'!A110),0,'December 2017'!A110)) -> 467975 | B60: =IF(ISBLANK('December 2017'!G110),"",IF(ISTEXT('December 2017'!G110),0,'December 2017'!G110)) -> 3767.5
A61: =IF(ISBLANK('December 2017'!A114),"",IF(ISTEXT('December 2017'!A114),0,'December 2017'!A114)) -> 467976 | B61: =IF(ISBLANK('December 2017'!G114),"",IF(ISTEXT('December 2017'!G114),0,'December 2017'!G114)) -> 77408.91
A62: =IF(ISBLANK('December 2017'!A118),"",IF(ISTEXT('December 2017'!A118),0,'December 2017'!A118)) -> 467977 | B62: =IF(ISBLANK('December 2017'!G118),"",IF(ISTEXT('December 2017'!G118),0,'December 2017'!G118)) -> 47440
A63: =IF(ISBLANK('December 2017'!A122),"",IF(ISTEXT('December 2017'!A122),0,'December 2017'!A122)) -> 467595 | B63: =IF(ISBLANK('December 2017'!G122),"",IF(ISTEXT('December 2017'!G122),0,'December 2017'!G122)) -> 999.2
A64: =IF(ISBLANK('December 2017'!A126),"",IF(ISTEXT('December 2017'!A126),0,'December 2017'!A126)) -> 467597 | B64: =IF(ISBLANK('December 2017'!G126),"",IF(ISTEXT('December 2017'!G126),0,'December 2017'!G126)) -> 235.58
A65: =IF(ISBLANK('December 2017'!A127),"",IF(ISTEXT('December 2017'!A127),0,'December 2017'!A127)) | B65: =IF(ISBLANK('December 2017'!G127),"",IF(ISTEXT('December 2017'!G127),0,'December 2017'!G127)) -> 2277.54
A66: =IF(ISBLANK('December 2017'!A128),"",IF(ISTEXT('December 2017'!A128),0,'December 2017'!A128)) | B66: =IF(ISBLANK('December 2017'!G128),"",IF(ISTEXT('December 2017'!G128),0,'December 2017'!G128))
A67: =IF(ISBLANK('December 2017'!A129),"",IF(ISTEXT('December 2017'!A129),0,'December 2017'!A129)) | B67: =IF(ISBLANK('December 2017'!G129),"",IF(ISTEXT('December 2017'!G129),0,'December 2017'!G129))
A68: =IF(ISBLANK('December 2017'!A130),"",IF(ISTEXT('December 2017'!A130),0,'December 2017'!A130)) | B68: =IF(ISBLANK('December 2017'!G130),"",IF(ISTEXT('December 2017'!G130),0,'December 2017'!G130))
A69: =IF(ISBLANK('December 2017'!A131),"",IF(ISTEXT('December 2017'!A131),0,'December 2017'!A131)) | B69: =IF(ISBLANK('December 2017'!G131),"",IF(ISTEXT('December 2017'!G131),0,'December 2017'!G131))
A70: =IF(ISBLANK('December 2017'!A132),"",IF(ISTEXT('December 2017'!A132),0,'December 2017'!A132)) | B70: =IF(ISBLANK('December 2017'!G132),"",IF(ISTEXT('December 2017'!G132),0,'December 2017'!G132))
A71: =IF(ISBLANK('December 2017'!A133),"",IF(ISTEXT('December 2017'!A133),0,'December 2017'!A133)) | B71: =IF(ISBLANK('December 2017'!G133),"",IF(ISTEXT('December 2017'!G133),0,'December 2017'!G133))
A72: =IF(ISBLANK('December 2017'!A134),"",IF(ISTEXT('December 2017'!A134),0,'December 2017'!A134)) | B72: =IF(ISBLANK('December 2017'!G134),"",IF(ISTEXT('December 2017'!G134),0,'December 2017'!G134))
A73: =IF(ISBLANK('December 2017'!A135),"",IF(ISTEXT('December 2017'!A135),0,'December 2017'!A135)) | B73: =IF(ISBLANK('December 2017'!G135),"",IF(ISTEXT('December 2017'!G135),0,'December 2017'!G135))
A74: =IF(ISBLANK('December 2017'!A136),"",IF(ISTEXT('December 2017'!A136),0,'December 2017'!A136)) | B74: =IF(ISBLANK('December 2017'!G136),"",IF(ISTEXT('December 2017'!G136),0,'December 2017'!G136))
A75: =IF(ISBLANK('December 2017'!A137),"",IF(ISTEXT('December 2017'!A137),0,'December 2017'!A137)) | B75: =IF(ISBLANK('December 2017'!G137),"",IF(ISTEXT('December 2017'!G137),0,'December 2017'!G137))
... A135: =IF(ISBLANK('December 2017'!A197),"",IF(ISTEXT('December 2017'!A197),0,'December 2017'!A197)) | B135: =IF(ISBLANK('December 2017'!G197),"",IF(ISTEXT('December 2017'!G197),0,'December 2017'!G197)) -> 173.29
A136: =IF(ISBLANK('December 2017'!A201),"",IF(ISTEXT('December 2017'!A201),0,'December 2017'!A201)) -> 467471 | B136: =IF(ISBLANK('December 2017'!G201),"",IF(ISTEXT('December 2017'!G201),0,'December 2017'!G201)) -> 450
A137: =IF(ISBLANK('December 2017'!A202),"",IF(ISTEXT('December 2017'!A202),0,'December 2017'!A202)) | B137: =IF(ISBLANK('December 2017'!G202),"",IF(ISTEXT('December 2017'!G202),0,'December 2017'!G202)) -> 450
A138: =IF(ISBLANK('December 2017'!A203),"",IF(ISTEXT('December 2017'!A203),0,'December 2017'!A203)) -> 467825 | B138: =IF(ISBLANK('December 2017'!G203),"",IF(ISTEXT('December 2017'!G203),0,'December 2017'!G203)) -> 450
A139: =IF(ISBLANK('December 2017'!A204),"",IF(ISTEXT('December 2017'!A204),0,'December 2017'!A204)) -> 468331 | B139: =IF(ISBLANK('December 2017'!G204),"",IF(ISTEXT('December 2017'!G204),0,'December 2017'!G204)) -> 450
A140: =IF(ISBLANK('December 2017'!A205),"",IF(ISTEXT('December 2017'!A205),0,'December 2017'!A205)) | B140: =IF(ISBLANK('December 2017'!G205),"",IF(ISTEXT('December 2017'!G205),0,'December 2017'!G205)) -> 450
A141: =IF(ISBLANK('December 2017'!A206),"",IF(ISTEXT('December 2017'!A206),0,'December 2017'!A206)) | B141: =IF(ISBLANK('December 2017'!G206),"",IF(ISTEXT('December 2017'!G206),0,'December 2017'!G206)) -> 100
A142: =IF(ISBLANK('December 2017'!A210),"",IF(ISTEXT('December 2017'!A210),0,'December 2017'!A210)) -> 467599 | B142: =IF(ISBLANK('December 2017'!G210),"",IF(ISTEXT('December 2017'!G210),0,'December 2017'!G210)) -> 593.68
A143: =IF(ISBLANK('December 2017'!A214),"",IF(ISTEXT('December 2017'!A214),0,'December 2017'!A214)) -> 467826 | B143: =IF(ISBLANK('December 2017'!G214),"",IF(ISTEXT('December 2017'!G214),0,'December 2017'!G214)) -> 20
A144: =IF(ISBLANK('December 2017'!A215),"",IF(ISTEXT('December 2017'!A215),0,'December 2017'!A215)) | B144: =IF(ISBLANK('December 2017'!G215),"",IF(ISTEXT('December 2017'!G215),0,'December 2017'!G215)) -> 1685
A145: =IF(ISBLANK('December 2017'!A216),"",IF(ISTEXT('December 2017'!A216),0,'December 2017'!A216)) | B145: =IF(ISBLANK('December 2017'!G216),"",IF(ISTEXT('December 2017'!G216),0,'December 2017'!G216)) -> 485
A146: =IF(ISBLANK('December 2017'!A217),"",IF(ISTEXT('December 2017'!A217),0,'December 2017'!A217)) | B146: =IF(ISBLANK('December 2017'!G217),"",IF(ISTEXT('December 2017'!G217),0,'December 2017'!G217)) -> 320
A147: =IF(ISBLANK('December 2017'!A218),"",IF(ISTEXT('December 2017'!A218),0,'December 2017'!A218)) | B147: =IF(ISBLANK('December 2017'!G218),"",IF(ISTEXT('December 2017'!G218),0,'December 2017'!G218)) -> 30
A148: =IF(ISBLANK('December 2017'!A219),"",IF(ISTEXT('December 2017'!A219),0,'December 2017'!A219)) | B148: =IF(ISBLANK('December 2017'!G219),"",IF(ISTEXT('December 2017'!G219),0,'December 2017'!G219)) -> 1370
A149: =IF(ISBLANK('December 2017'!A220),"",IF(ISTEXT('December 2017'!A220),0,'December 2017'!A220)) -> 467982 | B149: =IF(ISBLANK('December 2017'!G220),"",IF(ISTEXT('December 2017'!G220),0,'December 2017'!G220)) -> 600
A150: =IF(ISBLANK('December 2017'!A221),"",IF(ISTEXT('December 2017'!A221),0,'December 2017'!A221)) -> 468332 | B150: =IF(ISBLANK('December 2017'!G221),"",IF(ISTEXT('December 2017'!G221),0,'December 2017'!G221)) -> 200
A151: =IF(ISBLANK('December 2017'!A222),"",IF(ISTEXT('December 2017'!A222),0,'December 2017'!A222)) | B151: =IF(ISBLANK('December 2017'!G222),"",IF(ISTEXT('December 2017'!G222),0,'December 2017'!G222)) -> 980
A152: =IF(ISBLANK('December 2017'!A226),"",IF(ISTEXT('December 2017'!A226),0,'December 2017'!A226)) -> 467983 | B152: =IF(ISBLANK('December 2017'!G226),"",IF(ISTEXT('December 2017'!G226),0,'December 2017'!G226)) -> 212
A153: =IF(ISBLANK('December 2017'!A230),"",IF(ISTEXT('December 2017'!A230),0,'December 2017'!A230)) -> 468274 | B153: =IF(ISBLANK('December 2017'!G230),"",IF(ISTEXT('December 2017'!G230),0,'December 2017'!G230)) -> 613.36
A154: =IF(ISBLANK('December 2017'!A234),"",IF(ISTEXT('December 2017'!A234),0,'December 2017'!A234)) -> 467472 | B154: =IF(ISBLANK('December 2017'!G234),"",IF(ISTEXT('December 2017'!G234),0,'December 2017'!G234)) -> 150
A155: =IF(ISBLANK('December 2017'!A235),"",IF(ISTEXT('December 2017'!A235),0,'December 2017'!A235)) | B155: =IF(ISBLANK('December 2017'!G235),"",IF(ISTEXT('December 2017'!G235),0,'December 2017'!G235)) -> 560
A156: =IF(ISBLANK('December 2017'!A236),"",IF(ISTEXT('December 2017'!A236),0,'December 2017'!A236)) | B156: =IF(ISBLANK('December 2017'!G236),"",IF(ISTEXT('December 2017'!G236),0,'December 2017'!G236)) -> 360
A157: =IF(ISBLANK('December 2017'!A237),"",IF(ISTEXT('December 2017'!A237),0,'December 2017'!A237)) -> 467827 | B157: =IF(ISBLANK('December 2017'!G237),"",IF(ISTEXT('December 2017'!G237),0,'December 2017'!G237)) -> 380
A158: =IF(ISBLANK('December 2017'!A238),"",IF(ISTEXT('December 2017'!A238),0,'December 2017'!A238)) | B158: =IF(ISBLANK('December 2017'!G238),"",IF(ISTEXT('December 2017'!G238),0,'December 2017'!G238)) -> 2500
A159: =IF(ISBLANK('December 2017'!A239),"",IF(ISTEXT('December 2017'!A239),0,'December 2017'!A239)) | B159: =IF(ISBLANK('December 2017'!G239),"",IF(ISTEXT('December 2017'!G239),0,'December 2017'!G239)) -> 400
A160: =IF(ISBLANK('December 2017'!A240),"",IF(ISTEXT('December 2017'!A240),0,'December 2017'!A240)) | B160: =IF(ISBLANK('December 2017'!G240),"",IF(ISTEXT('December 2017'!G240),0,'December 2017'!G240)) -> 830
A161: =IF(ISBLANK('December 2017'!A244),"",IF(ISTEXT('December 2017'!A244),0,'December 2017'!A244)) -> 467984 | B161: =IF(ISBLANK('December 2017'!G244),"",IF(ISTEXT('December 2017'!G244),0,'December 2017'!G244)) -> 82.93
A162: =IF(ISBLANK('December 2017'!A248),"",IF(ISTEXT('December 2017'!A248),0,'December 2017'!A248)) -> 467985 | B162: =IF(ISBLANK('December 2017'!G248),"",IF(ISTEXT('December 2017'!G248),0,'December 2017'!G248)) -> 108
...
